[Event "Team 45 45 League T37"]
[Site "Internet Chess Club"]
[Date "2008.05.10"]
[Round "3"]
[White "EyeAm"]
[Black "civilization"]
[Result "0-1"]
[WhiteElo "1394"]
[BlackElo "1590"]
[Opening "Sicilian: Alapin's variation (2.c3)"]
[ECO "B22"]
[Time "13:03:39"]
[TimeControl "2700+45"]

1. e4 c5 2. c3 e6 3. d4 d5 4. exd5 Qxd5 5. Nf3 Nc6 6. Be3 Nf6 7. Be2 Be7 8. dxc5
Qxd1+ 9. Bxd1 O-O 10. O-O e5 11. Nbd2 Nd5 12. Nc4 Nxe3 13. Nxe3 Bxc5 14. Bb3
Bxe3 15. fxe3 Bg4 16. Ng5 Bh5 17. Bd1 Bxd1 18. Raxd1 h6 19. Nf3 Rad8 20. Kf2 f6
21. h4 g5 22. h5 f5 23. g3 g4 24. Nh4 f4 25. exf4 exf4 26. Rxd8 Rxd8 27. gxf4
Rd2+ 28. Kg3 Rxb2 29. Kxg4 Rxa2 30. Re1 Kg7 31. Re6 Ra4 32. Rg6+ Kh7 33. Nf5
Ne5+ 34. Kg3 Nxg6 35. hxg6+ Kxg6 36. Nh4+ Kf6 37. Kg4 a5 38. Nf5 h5+ {White
resigns} 0-1

[Event "Team 45 45 League T37"]
[Site "Internet Chess Club"]
[Date "2008.05.10"]
[Round "3"]
[White "kublai"]
[Black "guyd52"]
[Result "1-0"]
[WhiteElo "1387"]
[BlackElo "1267"]
[Opening "King's Indian defense, 3.Nc3"]
[ECO "E61"]
[Time "17:02:55"]
[TimeControl "2700+45"]

1. d4 Nf6 2. c4 g6 3. Nc3 Bg7 4. Bf4 d6 5. e3 O-O 6. Bd3 Nbd7 7. Nf3 b6 8. O-O
Bb7 9. e4 Re8 10. Qd2 e5 11. dxe5 dxe5 12. Bh6 Nc5 13. Bxg7 Kxg7 14. Rfd1 Nfxe4
15. Bxe4 Qxd2 16. Nxd2 c6 17. b4 Ne6 18. Nf3 f5 19. Bc2 e4 20. Rd7+ Kh6 21. Rxb7
exf3 22. gxf3 Nf4 23. Kf1 c5 24. bxc5 bxc5 25. Nd5 Nxd5 26. cxd5 Red8 27. Rd1
Rd6 28. Bb3 a5 29. a4 Raa6 30. Rb5 Kg5 31. Rxc5 Rab6 32. Rb5 Kf4 33. Kg2 h5 34.
Re1 h4 35. h3 Rxb5 36. axb5 a4 37. Ba2 Rxd5 38. Bxd5 a3 39. Ra1 {Black resigns}
1-0

[Event "Team 45 45 League T37"]
[Site "Internet Chess Club"]
[Date "2008.05.12"]
[Round "3"]
[White "wekabird"]
[Black "king4aknight"]
[Result "1-0"]
[WhiteElo "1233"]
[BlackElo "1015"]
[Opening "English: Carls' Bremen system"]
[ECO "A22"]
[Time "07:57:55"]
[TimeControl "2700+45"]

1. c4 Nf6 2. g3 e5 3. Nc3 Nc6 4. e4 Bc5 5. h3 O-O 6. Bg2 b6 7. Nf3 Nb4 8. d3 d6
9. a3 Nc6 10. O-O h6 11. b4 Bd4 12. Nxd4 Nxd4 13. Be3 Be6 14. Bxd4 exd4 15. Ne2
Qc8 16. Kh2 Bxh3 17. Bxh3 Ng4+ 18. Bxg4 Qxg4 19. Nxd4 Qd7 20. Nf5 b5 21. Qg4 Qe6
22. Qxg7# {Black checkmated} 1-0

[Event "Team 45 45 League T37"]
[Site "Internet Chess Club"]
[Date "2008.05.19"]
[Round "3"]
[White "Mutaant"]
[Black "beerss"]
[Result "1-0"]
[WhiteElo "1378"]
[BlackElo "1483"]
[Opening "Scandinavian defense"]
[ECO "B01"]
[Time "19:59:41"]
[TimeControl "2700+45"]

1. e4 d5 2. exd5 Nf6 3. Nf3 Nxd5 4. Bc4 Bg4 5. h3 Bc8 6. O-O e6 7. d3 Be7 8. Ne5
O-O 9. Qg4 Nf6 10. Qg3 Kh8 11. Bf4 Nh5 12. Qf3 Nxf4 13. Qxf4 Bf6 14. c3 c6 15.
d4 Nd7 16. Nd2 Nb6 17. Bb3 Kg8 18. Ne4 Bxe5 19. dxe5 Nd7 20. Rad1 Qc7 21. Nd6
Nc5 22. Bc2 Qe7 23. Rd2 b6 24. Rfd1 b5 25. b4 Na4 26. Bxa4 bxa4 27. Nxc8 Raxc8
28. Rd7 Qe8 29. Rxa7 Rd8 30. Rxd8 Qxd8 31. Qf3 Qb8 32. Qe3 Qb5 33. Ra5 Qb8 34.
Rxa4 h6 35. Ra5 Qd8 36. Qc5 Qd7 37. Ra7 Qd1+ 38. Kh2 Qd2 39. a4 Qf4+ 40. g3 Qd2
41. a5 Qb2 42. a6 Rd8 43. Rc7 Rd2 44. Kg2 Qc2 45. Qe3 Rd3 46. Qf4 Rxg3+ 47. Qxg3
Qf5 48. a7 c5 49. Rc8+ Kh7 50. a8=Q {Black resigns} 1-0

[Event "Team 45 45 League T37"]
[Site "Internet Chess Club"]
[Date "2008.05.09"]
[Round "3"]
[White "strudel"]
[Black "yemisco1"]
[Result "0-1"]
[WhiteElo "1425"]
[BlackElo "1414"]
[Opening "Queen's pawn game, Chigorin variation"]
[ECO "D02"]
[Time "16:55:56"]
[TimeControl "2700+45"]

1. Nf3 d5 2. d4 Nc6 3. g3 Bf5 4. Bd2 Nf6 5. Bg2 e6 6. a3 h6 7. O-O Bd6 8. Re1
O-O 9. Nc3 a6 10. e3 Qd7 11. Na4 b5 12. Nc5 Qc8 13. b4 Re8 14. Bf1 Be4 15. Bd3
Bxd3 16. cxd3 Ne7 17. e4 dxe4 18. dxe4 Bxc5 19. dxc5 Nc6 20. Bc3 e5 21. Kg2 Qg4
22. h3 Qh5 23. Nh4 Qxd1 24. Raxd1 g6 25. Kf3 Rad8 26. Ng2 Kg7 27. Ke3 Nh7 28. f4
f6 29. h4 Kf7 30. Kf3 g5 31. f5 h5 32. g4 hxg4+ 33. Kxg4 gxh4 34. Rxd8 Rxd8 35.
Nxh4 Ng5 36. Nf3 Nxf3 37. Kxf3 Rd3+ 38. Re3 Rxe3+ 39. Kxe3 Ne7 40. Kd2 c6 41.
Kc2 Ng8 42. Bd2 Ke7 43. Kb3 Kd7 44. a4 Ke7 45. a5 Kf7 46. Kc2 Kg7 47. Kd3 Nh6
48. Bxh6+ Kxh6 49. Ke2 Kg5 50. Kf3 Kh4 51. Kf2 Kg4 52. Ke3 Kg3 53. Ke2 Kf4
{White resigns} 0-1

[Event "Team 45 45 League T37"]
[Site "Internet Chess Club"]
[Date "2008.05.10"]
[Round "3"]
[White "moreffee"]
[Black "betto2506"]
[Result "0-1"]
[WhiteElo "1260"]
[BlackElo "1311"]
[Opening "Giuoco Piano"]
[ECO "C50"]
[Time "15:59:35"]
[TimeControl "2700+45"]

1. e4 e5 2. Nf3 Nc6 3. Bc4 Bc5 4. O-O h6 5. c3 d6 6. d4 exd4 7. cxd4 Bb6 8. Nc3
Bg4 9. Be3 Qe7 10. Nd5 Qxe4 11. Nxb6 axb6 12. Re1 Bxf3 13. gxf3 Qg6+ 14. Kh1
Nge7 15. Rg1 Qf6 16. d5 Ne5 17. Bd4 O-O 18. Be2 Ra5 19. Qc2 Rxd5 20. Be3 c5 21.
Rg3 Nf5 22. Rh3 Nxe3 23. fxe3 Ng6 24. f4 Qf5 25. Qxf5 Rxf5 26. Rg1 d5 27. Bd3
Rf6 28. f5 Ne5 29. Be2 Rd8 30. e4 dxe4 31. Bb5 Kf8 32. Re3 Rd4 33. Rge1 Rxf5 34.
Rxe4 Rxe4 35. Rxe4 f6 36. Ra4 Rg5 37. Ra8+ Ke7 38. Rb8 Kd6 39. Rxb7 Nf3 40. Rd7+
Ke5 41. Rd1 Nd4 42. Bd3 Kd6 43. Rg1 Rxg1+ 44. Kxg1 b5 45. b3 b4 46. Kf2 Ke5 47.
Kg3 Nf5+ 48. Kg4 Ne3+ 49. Kf3 Kd4 50. Bg6 Nd5 51. Kg4 Nc3 52. Kf5 Nxa2 53. Ke6
Nc3 54. Kf7 Nd5 55. Kxg7 Ke5 56. Bf7 Nf4 57. Kxh6 f5 58. Kg5 Ne6+ 59. Kh4 c4 60.
bxc4 b3 61. c5 b2 62. c6 b1=Q {White resigns} 0-1

[Event "Team 45 45 League T37"]
[Site "Internet Chess Club"]
[Date "2008.05.09"]
[Round "3"]
[White "kjs110"]
[Black "seldredg"]
[Result "0-1"]
[WhiteElo "1048"]
[BlackElo "1327"]
[Opening "Scandinavian (center counter) defense"]
[ECO "B01"]
[Time "14:04:31"]
[TimeControl "2700+45"]

1. e4 d5 2. Nc3 dxe4 3. Nxe4 e6 4. d4 Nf6 5. Bd3 Be7 6. Nf3 Nbd7 7. O-O b6 8.
Nxf6+ Bxf6 9. Be4 Rb8 10. Bf4 O-O 11. c3 Bb7 12. Re1 Re8 13. Ne5 Nxe5 14. dxe5
Be7 15. Qf3 Bxe4 16. Rxe4 c5 17. Rd1 Qc7 18. Bh6 Bf8 19. Bxg7 Bxg7 20. Qg4 Rbd8
21. Rde1 Rd3 22. h4 Kh8 23. Qh5 Rf8 24. Rg4 f5 25. Rg6 Qf7 {White resigns} 0-1

[Event "Team 45 45 League T37"]
[Site "Internet Chess Club"]
[Date "2008.05.10"]
[Round "3"]
[White "Philly-Boy"]
[Black "yatiba"]
[Result "1/2-1/2"]
[WhiteElo "1794"]
[BlackElo "1726"]
[Opening "Benoni: classical without 9.O-O"]
[ECO "A72"]
[Time "22:06:08"]
[TimeControl "2700+45"]

1. d4 Nf6 2. c4 c5 3. d5 e6 4. Nc3 exd5 5. cxd5 d6 6. Nf3 g6 7. e4 Bg7 8. Be2
O-O 9. Bf4 a6 10. a4 Bg4 11. h3 Bxf3 12. Bxf3 Re8 13. O-O Qe7 14. Re1 Nbd7 15.
Qb3 Rab8 16. a5 Ne5 17. Be2 Nfd7 18. Na4 Qh4 19. Bd2 Qxe4 20. Bg4 c4 21. Rxe4
cxb3 22. Bd1 Nd3 23. Rxe8+ Rxe8 24. Bxb3 Re2 25. Be3 Nxb2 26. Kf1 Nxa4 27. Bxa4
Rxe3 28. fxe3 Bxa1 29. Bxd7 Bc3 30. Bc8 Bxa5 31. Bxb7 Bb6 32. Bxa6 Bxe3 33. Bc8
Kg7 34. Ke2 Bc5 35. Kf3 h6 36. Bd7 Bd4 37. Bc8 Be5 38. Bd7 f5 39. Be6 Kf6 40.
Bc8 Bb2 41. Be6 Bc1 42. g4 Ke5 43. gxf5 gxf5 44. Bf7 Bg5 45. Be6 h5 46. Bf7 h4
47. Be6 Bf4 48. Bf7 Bg3 49. Be6 Kd4 50. Bf7 {Game drawn by mutual agreement}
1/2-1/2

[Event "Team 45 45 League T37"]
[Site "Internet Chess Club"]
[Date "2008.05.09"]
[Round "3"]
[White "GoIrish"]
[Black "bbrockva"]
[Result "1-0"]
[WhiteElo "1611"]
[BlackElo "1625"]
[Opening "Réti: King's Indian attack, French variation"]
[ECO "A07"]
[Time "20:31:15"]
[TimeControl "2700+45"]

1. Nf3 d5 2. g3 e6 3. Bg2 c5 4. O-O Nf6 5. d3 Be7 6. Nbd2 Nc6 7. Re1 O-O 8. e4
dxe4 9. dxe4 e5 10. c3 Qc7 11. Qc2 Rd8 12. Nb3 b6 13. Bg5 Ba6 14. Rad1 c4 15.
Nbd2 Rac8 16. Bh3 Rb8 17. Qa4 Na5 18. Nh4 Bc8 19. Bg2 b5 20. Qc2 Nc6 21. Nf5
Bxf5 22. exf5 h6 23. Bh4 g5 24. fxg6 Rd6 25. gxf7+ Kxf7 26. Bxf6 Rxf6 27. Qh7+
Kf8 28. Qh8+ Kf7 29. Qh7+ Kf8 30. Bxc6 Qxc6 31. Rxe5 Bd6 32. Rf5 Rxf5 33. Qxf5+
Kg7 34. Qg4+ Kf7 35. Qf3+ Qxf3 36. Nxf3 Be7 37. Rd7 a5 38. Ra7 a4 39. Ne5+ Ke6
40. Rxe7+ {Black resigns} 1-0

[Event "Team 45 45 League T37"]
[Site "Internet Chess Club"]
[Date "2008.05.12"]
[Round "3"]
[White "BrerRabbit"]
[Black "allanchs"]
[Result "1-0"]
[WhiteElo "1608"]
[BlackElo "1523"]
[Opening "QGD: Lasker defense"]
[ECO "D56"]
[Time "14:03:40"]
[TimeControl "2700+45"]

1. d4 d5 2. c4 e6 3. Nf3 Nf6 4. Bg5 Be7 5. Nc3 O-O 6. e3 h6 7. Bh4 Ne4 8. Bxe7
Qxe7 9. Rc1 Rd8 10. Bd3 Nxc3 11. Rxc3 b6 12. cxd5 exd5 13. Ne5 Bb7 14. O-O c5
15. Nf3 Nd7 16. Qa4 Nf6 17. Qc2 Ne4 18. Ra3 c4 19. Be2 c3 20. Bd3 cxb2 21. Qxb2
Rdc8 22. Rc1 Rxc1+ 23. Qxc1 Rc8 24. Qb2 Ba8 25. Rb3 Qc7 26. g3 Qc1+ 27. Qxc1
Rxc1+ 28. Kg2 Rc3 29. Bxe4 Rxb3 30. axb3 dxe4 31. Nd2 Bd5 32. b4 a5 33. bxa5
bxa5 34. Nb1 a4 35. Kf1 Kf8 36. Ke1 Ke7 37. Kd2 Kd6 38. Na3 Kc6 39. Kc3 f6 40.
Kb4 Bb3 41. Nb1 Kd5 42. Nc3+ Ke6 43. Nxa4 Bc2 44. Nc3 Bd3 45. Kc5 h5 46. Nd5 g5
47. Nc3 f5 48. Nd5 Bc2 49. Nb4 Bd3 50. d5+ Kd7 51. Kd4 Kd6 52. Nxd3 exd3 53.
Kxd3 Kxd5 54. f3 Ke5 55. e4 h4 56. Ke3 hxg3 57. hxg3 f4+ 58. gxf4+ gxf4+ 59. Kf2
Kf6 60. Ke2 Ke5 61. Kd3 Ke6 62. Kd4 {Black resigns} 1-0

[Event "Team 45 45 League T37"]
[Site "Internet Chess Club"]
[Date "2008.05.10"]
[Round "3"]
[White "John3v16"]
[Black "Ernie1"]
[Result "0-1"]
[WhiteElo "1752"]
[BlackElo "1660"]
[Opening "Caro-Kann: classical variation"]
[ECO "B18"]
[Time "22:02:55"]
[TimeControl "2700+45"]

1. e4 c6 2. d4 d5 3. Nc3 dxe4 4. Nxe4 Bf5 5. Nc5 b6 6. Nb3 Nf6 7. Nf3 Nbd7 8. g3
e6 9. Bg2 Qc7 10. O-O Bd6 11. Re1 O-O 12. c4 Rad8 13. a4 a5 14. Be3 Bb4 15. Bd2
c5 16. Bxb4 cxb4 17. Nbd2 Rfe8 18. Rc1 e5 19. dxe5 Nxe5 20. Nxe5 Rxe5 21. Re2
Qd6 22. Rxe5 Qxe5 23. Kf1 Qxb2 24. Ke1 Bd3 25. f4 Re8+ 26. Kf2 Re2+ 27. Kg1 Qxd2
28. Qxd2 Rxd2 29. Bf3 b3 {White resigns} 0-1

[Event "Team 45 45 League T37"]
[Site "Internet Chess Club"]
[Date "2008.05.12"]
[Round "3"]
[White "NESKAYA"]
[Black "OGO"]
[Result "0-1"]
[WhiteElo "1557"]
[BlackElo "1644"]
[Opening "Hungarian defense"]
[ECO "C50"]
[Time "11:03:08"]
[TimeControl "2700+45"]

1. e4 e5 2. Nf3 Nc6 3. Bc4 Be7 4. c3 d6 5. h3 Nf6 6. Qc2 O-O 7. d4 exd4 8. cxd4
Re8 9. O-O Bf8 10. Bg5 h6 11. Bxf6 Qxf6 12. Nbd2 Nxd4 13. Nxd4 Qxd4 14. Qa4 Qe5
15. Rfe1 c6 16. Qb3 Re7 17. Nf3 Qf6 18. a4 Be6 19. Bxe6 Qxe6 20. Qxe6 fxe6 21.
b4 e5 22. Red1 Rd8 23. Rac1 d5 24. exd5 Rxd5 25. Rxd5 cxd5 26. b5 Kf7 27. Rd1
Ke6 28. Re1 Kd6 29. Nh4 Rf7 30. g4 d4 31. f3 Kd5 32. Kf2 Bc5 33. Ke2 b6 34. Kd3
Be7 35. Nf5 Bg5 36. h4 Bf4 37. h5 Rc7 38. Ra1 Rc3+ 39. Ke2 d3+ 40. Kf2 Rc2+ 41.
Ke1 d2+ 42. Ke2 Rc1 {White resigns} 0-1

[Event "Team 45 45 League T37"]
[Site "Internet Chess Club"]
[Date "2008.05.09"]
[Round "3"]
[White "dondel"]
[Black "Warpdrive"]
[Result "0-1"]
[WhiteElo "1466"]
[BlackElo "1748"]
[Opening "Queen's gambit declined"]
[ECO "D30"]
[Time "20:51:36"]
[TimeControl "2700+45"]

1. d4 d5 2. c4 e6 3. Nf3 c5 4. e3 Nf6 5. Nc3 Nc6 6. Be2 Be7 7. Bd2 a6 8. a3 O-O
9. Bd3 Bd7 10. e4 cxd4 11. Ne2 dxe4 12. Bb1 exf3 13. gxf3 e5 14. Rg1 g6 15. Bh6
Re8 16. Ng3 Bf8 17. Qd2 e4 18. Bxf8 exf3+ 19. Kd1 Kxf8 20. Kc2 Ne4 21. Nxe4 Rxe4
22. Kc1 Re2 23. Qf4 Rxf2 24. Be4 Rc8 25. Rg3 Qa5 26. Kb1 Qd2 27. Qxd2 Rxd2 28.
Bxf3 Ne5 29. Bxb7 Rxc4 30. Bxa6 Rcc2 31. Rb3 Be6 32. Rb8+ Kg7 33. a4 Nc4 34.
Bxc4 Bxc4 35. a5 Bd3 36. Ka2 Rxh2 37. Ka3 h5 38. Re1 Rhe2 39. Ra1 h4 40. Rd1
Rcd2 41. Rc1 h3 42. Rb7 h2 43. Rcc7 Bc4 44. Rxc4 h1=Q 45. Rcc7 Rd3+ 46. Ka2 Qd5+
{White resigns} 0-1

[Event "Team 45 45 League T37"]
[Site "Internet Chess Club"]
[Date "2008.05.11"]
[Round "3"]
[White "MarcoDeSade"]
[Black "Jester"]
[Result "1/2-1/2"]
[WhiteElo "1506"]
[BlackElo "1451"]
[Opening "King's pawn game"]
[ECO "C50"]
[Time "11:57:52"]
[TimeControl "2700+45"]

1. e4 e5 2. Nf3 Nc6 3. Bc4 h6 4. d3 Nf6 5. c3 Be7 6. Be3 O-O 7. b4 d6 8. a4 Bg4
9. Nbd2 Nh5 10. O-O Bg5 11. Qb3 Bxe3 12. fxe3 Nf6 13. Rf2 a6 14. Raf1 Qd7 15.
Nh4 Ne7 16. Nf5 b5 17. axb5 axb5 18. Nxe7+ Qxe7 19. Bxb5 Be6 20. Bc4 Bxc4 21.
Qxc4 Ng4 22. Rf3 Nf6 23. Qb3 Ra7 24. h3 Rfa8 25. R3f2 Qd7 26. Nc4 Ra1 27. Na5
Rxf1+ 28. Rxf1 Qb5 29. Qc4 Qxc4 30. Nxc4 Nd7 31. Rc1 Ra2 32. Kf1 Nf6 33. Rb1 Nh5
34. Rb2 Ra1+ 35. Kf2 Rc1 36. Rb3 Rc2+ 37. Kf3 Kf8 38. Na5 Rc1 39. g4 Nf6 40. Kf2
Rc2+ 41. Kf3 g5 42. c4 Rh2 43. Kg3 Re2 44. Kf3 Rh2 45. Kg3 Re2 {Game drawn by
mutual agreement} 1/2-1/2

[Event "Team 45 45 League T37"]
[Site "Internet Chess Club"]
[Date "2008.05.12"]
[Round "3"]
[White "chesswooog"]
[Black "Ser-Enigma"]
[Result "0-1"]
[WhiteElo "2182"]
[BlackElo "2127"]
[Opening "Torre attack (Tartakower variation)"]
[ECO "D03"]
[Time "14:03:28"]
[TimeControl "2700+45"]

1. d4 Nf6 2. Nf3 d5 3. Bg5 Ne4 4. Bf4 Bf5 5. Nbd2 e6 6. e3 g5 7. Be5 f6 8. Bg3
Nxg3 9. hxg3 Nc6 10. Bd3 Bxd3 11. cxd3 Nb4 12. O-O Qd7 13. a3 Na6 14. b4 c6 15.
e4 Be7 16. Rc1 Nc7 17. e5 f5 18. Nxg5 Bxg5 19. Qh5+ Qf7 20. Qxg5 Kd7 21. Nb3
Rag8 22. Qd2 h5 23. b5 Nxb5 24. Qb4 h4 25. a4 hxg3 26. fxg3 Rxg3 27. Rf2 Qh5 28.
Kf1 Qg4 29. Ke1 Rxg2 30. axb5 Rh1+ 31. Kd2 Qf4+ 32. Kc2 Qxf2+ 33. Nd2 Rxc1+ 34.
Kxc1 Qxd2+ 35. Qxd2 Rxd2 36. Kxd2 cxb5 {White resigns} 0-1

[Event "Team 45 45 League T37"]
[Site "Internet Chess Club"]
[Date "2008.05.10"]
[Round "3"]
[White "DeLaSalle"]
[Black "GambitBandit"]
[Result "1/2-1/2"]
[WhiteElo "2006"]
[BlackElo "2114"]
[Opening "Levitsky attack (Queen's bishop attack)"]
[ECO "D00"]
[Time "13:54:56"]
[TimeControl "2700+45"]

1. d4 d5 2. Bg5 f6 3. Bh4 Nh6 4. e3 Nf5 5. Bd3 h5 6. Bg3 h4 7. Qg4 Nd6 8. Qg6+
Nf7 9. Bf4 Nc6 10. Nf3 e5 11. dxe5 Ne7 12. Bb5+ c6 13. Qd3 Qa5+ 14. Nc3 Bf5 15.
Qe2 fxe5 16. Bxe5 Bg4 17. Bd4 cxb5 18. Qxb5+ Qxb5 19. Nxb5 Kd8 20. Bxa7 Nc8 21.
Bd4 h3 22. Ne5 Nxe5 23. Bxe5 hxg2 24. Rg1 Bh3 25. O-O-O Ne7 26. Nc3 Ke8 27. a3
Rd8 28. Nb5 Ng6 29. Bg3 Kf7 {Game drawn by mutual agreement} 1/2-1/2

[Event "Team 45 45 League T37"]
[Site "Internet Chess Club"]
[Date "2008.05.11"]
[Round "3"]
[White "Fidius"]
[Black "Dan777"]
[Result "1/2-1/2"]
[WhiteElo "2011"]
[BlackElo "1898"]
[Opening "Evans gambit: Stone-Ware variation"]
[ECO "C51"]
[Time "15:01:15"]
[TimeControl "2700+45"]

1. e4 e5 2. Nf3 Nc6 3. Bc4 Bc5 4. b4 Bxb4 5. c3 Bd6 6. O-O Nf6 7. d4 O-O 8. Nbd2
h6 9. Bb2 Re8 10. Re1 b6 11. Nh4 Bf8 12. Qb3 d5 13. Bxd5 Nxd5 14. Qxd5 Qf6 15.
Ndf3 Rd8 16. dxe5 Qe6 17. Qxe6 Bxe6 18. Nf5 Na5 19. N5d4 Bc4 20. a4 c5 21. Nf5
Bb3 22. Ne3 Rd3 23. Rec1 Bc4 24. Nxc4 Nxc4 25. Rc2 Rad8 26. Kf1 Nxb2 27. Rxb2
Rxc3 28. a5 Rb8 29. Rab1 Rc4 30. axb6 axb6 31. Rxb6 Rxb6 32. Rxb6 Rxe4 33. Rc6
g6 34. g3 Kg7 35. Rc7 Kg8 36. h4 c4 37. Nd2 Rxe5 38. Nxc4 Rc5 39. Rxc5 Bxc5 40.
g4 Kg7 41. Kg2 {Game drawn by mutual agreement} 1/2-1/2

[Event "Team 45 45 League T37"]
[Site "Internet Chess Club"]
[Date "2008.05.10"]
[Round "3"]
[White "charles-allen"]
[Black "basserben"]
[Result "1-0"]
[WhiteElo "1832"]
[BlackElo "1638"]
[Opening "Caro-Kann: anti-anti-Caro-Kann defense"]
[ECO "B10"]
[Time "07:59:12"]
[TimeControl "2700+45"]

1. e4 c6 2. c4 d5 3. cxd5 cxd5 4. exd5 Qxd5 5. Nc3 Qd8 6. d4 Nf6 7. Nf3 a6 8.
Bc4 b5 9. Bb3 e6 10. O-O Bb7 11. d5 Nxd5 12. Nxd5 exd5 13. Bg5 f6 14. Bf4 Be7
15. Rc1 Bd6 16. Re1+ Kf8 17. Nd4 Bc8 18. Bxd6+ Qxd6 19. Rxc8+ Kf7 20. Rxh8 Ra7
21. Qh5+ {Black resigns} 1-0

[Event "Team 45 45 League T37"]
[Site "Internet Chess Club"]
[Date "2008.05.11"]
[Round "3"]
[White "Folgers"]
[Black "forketta"]
[Result "1/2-1/2"]
[WhiteElo "2058"]
[BlackElo "1984"]
[Opening "Levitsky attack (Queen's bishop attack)"]
[ECO "D00"]
[Time "14:26:26"]
[TimeControl "2700+45"]

1. d4 d5 2. Bg5 h6 3. Bh4 c6 4. e3 Qb6 5. Nc3 Qxb2 6. Nge2 Qa3 7. Rb1 b5 8. Rb3
Qa5 9. Nc1 Bf5 10. Bd3 Bxd3 11. Qxd3 e6 12. O-O Be7 13. Bxe7 Nxe7 14. e4 O-O 15.
f4 b4 16. N3e2 dxe4 17. Qxe4 Nd7 18. c4 bxc3 19. Nxc3 Rab8 20. Qd3 c5 21. Ne4
cxd4 22. Qxd4 Qd5 23. Rd1 Rxb3 24. Nxb3 Nb6 25. Nc3 Qxd4+ 26. Rxd4 Nf5 27. Rd3
Rc8 28. Kf2 Kf8 29. Nd2 Ke7 30. Nce4 Nd5 31. Ra3 Rc7 32. g3 Nd6 33. Nxd6 Kxd6
34. Ke2 g5 35. fxg5 hxg5 36. Ne4+ Ke7 37. Nxg5 f6 38. Ne4 f5 39. Nd2 Kf6 40. h4
e5 41. Ra6+ Nb6 42. a4 Ke7 43. Nf3 e4 44. Nd4 Rc4 45. Nxf5+ Kf6 46. a5 Kxf5 47.
axb6 axb6 48. Rxb6 Rc2+ 49. Ke3 Rc3+ 50. Kf2 Rc2+ 51. Kf1 Kg4 52. Rb3 Rc1+ 53.
Ke2 Rc2+ 54. Kd1 Rg2 55. Re3 Rxg3 56. Rxe4+ Kh5 {Game drawn by mutual agreement}
1/2-1/2

[Event "Team 45 45 League T37"]
[Site "Internet Chess Club"]
[Date "2008.05.11"]
[Round "3"]
[White "jonesey"]
[Black "BadHabitMarco"]
[Result "1-0"]
[WhiteElo "1983"]
[BlackElo "1906"]
[Opening "Sicilian defense"]
[ECO "B20"]
[Time "11:35:52"]
[TimeControl "2700+45"]

1. e4 c5 2. c4 d6 3. Nc3 g6 4. g3 Bg7 5. Bg2 Nc6 6. Nge2 Bd7 7. d3 Nf6 8. O-O a6
9. a3 O-O 10. h3 Nh5 11. g4 Nf6 12. f4 e6 13. Ng3 Ne8 14. f5 Qh4 15. Nce2 Nd4
16. Rb1 b5 17. Kh2 Rb8 18. b4 Nf6 19. Nxd4 cxd4 20. g5 Nh5 21. Nxh5 Be5+ 22. Nf4
exf5 23. Qe1 Qxg5 24. Kh1 fxe4 25. Qxe4 Rbc8 26. Nd5 Qh5 27. Ne7+ Kh8 28. Nxc8
Bxh3 29. Kg1 Bxc8 30. Bf4 Re8 31. Bxe5+ Rxe5 32. Qxd4 Kg8 33. Rbe1 Bh3 34. Rxe5
dxe5 35. Qd8+ Kg7 36. Qf6+ Kh6 37. Qf3 Bg4 38. Qxf7 bxc4 39. Qf8+ Kg5 40. dxc4
Be2 41. Bf3 {Black resigns} 1-0

[Event "Team 45 45 League T37"]
[Site "Internet Chess Club"]
[Date "2008.05.11"]
[Round "3"]
[White "ddlj81"]
[Black "Fegary"]
[Result "0-1"]
[WhiteElo "1846"]
[BlackElo "2034"]
[Opening "Pirc: classical, h3 system"]
[ECO "B08"]
[Time "09:00:54"]
[TimeControl "2700+45"]

1. e4 d6 2. d4 Nf6 3. Nc3 g6 4. Nf3 Bg7 5. h3 O-O 6. Bc4 Nxe4 7. Nxe4 d5 8. Bd3
dxe4 9. Bxe4 c5 10. dxc5 Na6 11. Qxd8 Rxd8 12. c6 bxc6 13. Bxc6 Nb4 14. Ba4 Bf5
15. O-O Nxc2 16. Bxc2 Bxc2 17. Re1 e6 18. Ne5 Rd5 19. Nc6 Rc5 20. Nb4 a5 21.
Nxc2 Rxc2 22. Kf1 Rac8 23. Rb1 Bd4 24. Be3 Bxb2 25. Re2 Rxe2 26. Kxe2 Bg7 27. a4
Bf8 28. Rb5 Bb4 29. Bb6 Rc2+ 30. Kf3 Ra2 31. Bxa5 Bf8 32. Bb4 Rxa4 33. Bxf8 Kxf8
34. Rb7 Kg7 35. g4 g5 36. Kg3 Kg6 37. f3 e5 38. Kf2 e4 39. fxe4 Rxe4 40. Kf3 Ra4
41. Rb3 f6 42. Kg3 h5 43. gxh5+ Kxh5 44. Rc3 f5 45. Rb3 f4+ 46. Kg2 Kh4 47. Rc3
Ra2+ 48. Kg1 Re2 {White resigns} 0-1

[Event "Team 45 45 League T37"]
[Site "Internet Chess Club"]
[Date "2008.05.10"]
[Round "3"]
[White "smitty120"]
[Black "alexcolins"]
[Result "1-0"]
[WhiteElo "1992"]
[BlackElo "1709"]
[Opening "Sicilian: Smith-Morra gambit"]
[ECO "B21"]
[Time "14:05:42"]
[TimeControl "2700+45"]

1. e4 c5 2. d4 cxd4 3. c3 g6 4. Qxd4 Nf6 5. e5 Nc6 6. Qe3 Ng4 7. Qg3 Ngxe5 8.
Bf4 Bg7 9. Nf3 Nd3+ 10. Bxd3 O-O 11. O-O d6 12. Qh4 Qb6 13. b3 e5 14. Bh6 e4 15.
Bxe4 f5 16. Bd5+ Kh8 17. Bxg7+ Kxg7 18. Re1 Bd7 19. Bxc6 Bxc6 20. Re7+ Rf7 21.
Rxf7+ Kxf7 22. Qxh7+ Kf6 23. Nbd2 Qc5 24. Qh4+ Kg7 25. Re1 Rh8 26. Re7+ Kf8 27.
Qf6+ {Black resigns} 1-0

[Event "Team 45 45 League T37"]
[Site "Internet Chess Club"]
[Date "2008.05.12"]
[Round "3"]
[White "Budzo"]
[Black "Avedldesierto"]
[Result "1/2-1/2"]
[WhiteElo "1748"]
[BlackElo "1748"]
[Opening "QGD semi-Slav: Stoltz variation"]
[ECO "D45"]
[Time "19:21:32"]
[TimeControl "2700+45"]

1. Nf3 Nf6 2. d4 d5 3. c4 c6 4. Nc3 e6 5. e3 Nbd7 6. Qc2 Bd6 7. Bd3 h6 8. O-O
dxc4 9. Bxc4 O-O 10. e4 Nb6 11. Bd3 Be7 12. Be3 Re8 13. h3 Qc7 14. Rac1 a6 15.
Rfd1 Nbd7 16. Na4 b5 17. Nc5 Nxc5 18. dxc5 Bb7 19. b4 a5 20. a3 axb4 21. axb4 e5
22. Qb2 Nd7 23. Bc2 Red8 24. Bb3 Bf6 25. Rd6 Nf8 26. Rcd1 Rxd6 27. Rxd6 Qe7 28.
Qd2 Ra3 29. Qb2 Ra8 30. Nh2 h5 31. Nf3 Nh7 32. Qd2 Nf8 33. h4 Ra1+ 34. Kh2 Bc8
35. Bg5 Ra3 36. Bxf6 gxf6 37. Bd1 Bg4 38. Rxc6 Bxf3 39. Bxf3 f5 40. Qg5+ Qxg5
41. hxg5 fxe4 42. Bxe4 Rb3 43. Rc8 Rxb4 44. f3 Kg7 45. c6 Rc4 {Game drawn by
mutual agreement} 1/2-1/2

[Event "Team 45 45 League T37"]
[Site "Internet Chess Club"]
[Date "2008.05.09"]
[Round "3"]
[White "ElMarginal"]
[Black "TyJohansen"]
[Result "1-0"]
[WhiteElo "1488"]
[BlackElo "1527"]
[Opening "Caro-Kann: classical variation"]
[ECO "B18"]
[Time "19:07:09"]
[TimeControl "2700+45"]

1. e4 c6 2. d4 d5 3. Nc3 dxe4 4. Nxe4 Bf5 5. Ng3 Bg6 6. Nf3 Nd7 7. Bc4 Ngf6 8.
Nh4 e6 9. Nxg6 hxg6 10. Bg5 Be7 11. c3 Nd5 12. Bxe7 Qxe7 13. Qd2 Qh4 14. O-O-O
O-O-O 15. f3 N7b6 16. Bb3 Nf6 17. Qe2 Qf4+ 18. Kb1 Nbd5 19. Rde1 Qc7 20. Ne4
Nxe4 21. fxe4 Nb6 22. g3 Rde8 23. Qf2 Kb8 24. Ref1 Rhf8 25. g4 c5 26. dxc5 Qe5
27. cxb6 axb6 28. Qf4 Qxf4 29. Rxf4 f6 30. Rhf1 g5 31. R4f3 Rh8 32. h3 Kc7 33.
Rd3 e5 34. Rff3 Rd8 35. Kc1 Rd6 36. Kd2 Rhd8 37. Ke2 b5 38. Rxd6 Rxd6 39. Rd3
Rxd3 40. Kxd3 b6 41. c4 Kc6 42. cxb5+ Kxb5 43. Kc3 Kc5 44. Bc2 Kb5 45. a4+ Kc5
46. b4+ Kc6 47. Kc4 g6 48. Bd3 {Black resigns} 1-0